 Dungeon Sprint DCSS version 0.23-a0-169-gb21e695 (webtiles) character file.

3 Fang the Skirmisher (level 1, 0/22 HPs)
             Began as a Gargoyle Berserker on Sept 11, 2018.
             Was a Believer of Trog.
             Slain by a gnoll (3 damage)
             ... in the Dungeon (Sprint VII: "The Pits").
             The game lasted 00:00:18 (78 turns).

Fang the Skirmisher (Gargoyle Berserker)              Turns: 78, Time: 00:00:18

Health: 0/22       AC:  4    Str: 25    XL:     1   Next: 50%
Magic:  1/1        EV: 12    Int:  7    God:    Trog [**....]
Gold:   0          SH:  0    Dex:  9    Spells: 0/0 levels left

rFire    . . .     SeeInvis .   j - +2 hand axe
rCold    . . .     Gourm    .   (no shield)
rNeg     + . .     Faith    .   b - +0 animal skin
rPois    ∞         Spirit   .   (no helmet)
rElec    +         Reflect  .   (no cloak)
rCorr    .         Harm     .   (no gloves)
MR       .....     NoTele   +   (no boots)
Stlth    ..........             (no amulet)
HPRegen  0.07/turn              (no ring)
MPRegen  0.07/turn              (no ring)

@: berserking, very quick
A: negative energy resistance 1, electricity resistance, unbreathing,
petrification resistance, rot immunity, AC +2
a: Berserk, Trog's Hand, Renounce Religion


You were in the Dungeon.
You worshipped Trog.
Trog was pleased with you.
You were not hungry.

You visited 1 branch

Inventory:

Hand Weapons
 j - a +2 hand axe (weapon)
Armour
 b - a +0 animal skin (worn)
Scrolls
 i - a scroll of blinking
 k - 3 scrolls of remove curse
 l - a scroll of summoning
Potions
 a - 2 potions of invisibility
 d - a potion of curing
 e - a potion of heal wounds
 f - a potion of haste
 g - 4 potions of magic
 h - 3 potions of berserk rage
Comestibles
 c - 9 rations


   Skills:
 + Level 3.9 Fighting
 + Level 3.2 Axes
 + Level 2.4 Armour
 + Level 1.7 Dodging


You couldn't memorise any spells.
You didn't know any spells.
Your spell library was empty.

Dungeon Overview and Level Annotations

Branches:
Dungeon (1/1)

Altars:
Cheibriados
Dithmenos
Elyvilon
Fedhas
Gozag
Hepliaklqana
Makhleb
Nemelex Xobeh
Okawaru
Qazlal
Ru
Sif Muna
Trog
Vehumet
Wu Jian
Xom
Yredelemnul
Zin
The Shining One
Beogh
Jiyva
Lugonu


Innate Abilities, Weirdness & Mutations

You are resistant to torment.
Your stone body is resilient. (AC +2)
You are immune to poison.
You resist negative energy. (rN+)
You are resistant to electric shocks. (rElec)
You can survive without breathing.
You are immune to petrification.
You are immune to rotting.


Message History

You closely miss the gnoll.
The gnoll is moderately wounded.
The gnoll hits you.
You hit the gnoll.
The gnoll is heavily wounded.
The gnoll hits you!
* * * LOW HITPOINT WARNING * * *
You are too injured to fight recklessly!
You are too injured to fight recklessly!
You are too injured to fight recklessly!
You are too injured to fight recklessly!
You are too injured to fight recklessly!
You are too injured to fight recklessly!
You are too injured to fight recklessly!
You are too injured to fight recklessly!
You are too injured to fight recklessly!
A red film seems to cover your vision as you go berserk!
You feel yourself moving faster!
You feel mighty!
You feel a lot more hungry. The gnoll hits you.
You die...

________.#
______...###########+
##########'##..........
#.?(.')))'.##......#..#
##########.##..........
#.........†.'..........
#+#####'#####......#..#
#..#..# #..........
#..g@.+ ####'#####+
##+#### #.......#
#.......# #.......#
#...<...# #.......#
#.......# #.......#
#########


You could see a gnoll.

Vanquished Creatures
  A bat skeleton (D)
  A giant cockroach (D)
  A rat (D)
3 creatures vanquished.

Notes
Turn   | Place    | Note
-------+----------+-------------------------------------------
     0 | D        | Fang the Gargoyle Berserker began the quest for the Orb.
     0 | D        | Reached XP level 1. HP: 14/14 MP: 1/1
    23 | D        | Found a bloodstained altar of Trog.
    23 | D        | Found a deep blue altar of Sif Muna.
    23 | D        | Found a viscous altar of Jiyva.
    23 | D        | Found a hazy altar of Hepliaklqana.
    23 | D        | Found an opulent altar of Gozag.
    24 | D        | Found a glowing golden altar of the Shining One.
    24 | D        | Found a glowing silver altar of Zin.
    24 | D        | Found a basalt altar of Yredelemnul.
    24 | D        | Found a shimmering altar of Xom.
    24 | D        | Found an ornate altar of the Wu Jian Council.
    24 | D        | Found a sacrificial altar of Ru.
    24 | D        | Found a stormy altar of Qazlal.
    24 | D        | Found an iron altar of Okawaru.
    24 | D        | Found a sparkling altar of Nemelex Xobeh.
    24 | D        | Found a burning altar of Makhleb.
    24 | D        | Found a blossoming altar of Fedhas.
    24 | D        | Found a white marble altar of Elyvilon.
    24 | D        | Found a shadowy altar of Dithmenos.
    24 | D        | Found a snail-covered altar of Cheibriados.
    26 | D        | Found a radiant altar of Vehumet.
    26 | D        | Found a corrupted altar of Lugonu.
    26 | D        | Found a roughly hewn altar of Beogh.
    74 | D        | Reached ** piety under Trog
    78 | D        | Slain by a gnoll

Vault maps used:
D:        pitsprint

Skill      XL: |  1 |
---------------+----+-----
Axes           | 3 |  3.2
Fighting       | |  3.9
Armour         | |  2.4
Dodging        | |  1.7

Action                   || total
-------------------------++-------
Melee: Hand axe          ||    11
Invok: Berserk           ||     1
Armor: Animal skin       ||     2
Dodge: Dodged            ||     8

Table legend:
 A = Non-vault XP
 B = Vault XP
 C = Vault XP percentage of total XP
 D = Non-vault monster count
 E = Vault monster count
 F = Vault count percentage of total count
                 A         B        C        D         E       F
            +---------+---------+-------+---------+---------+-------
      Total |       0 |       5 | 100.0 |       0 |       3 | 100.0
            +---------+---------+-------+---------+---------+-------
          D |       0 |       5 | 100.0 |       0 |       3 | 100.0
            +---------+---------+-------+---------+---------+-------
